 Dungeon Crawl Stone Soup version 0.30-a0-122-g2a1322497e (console) character file.

Game seed: 11115706054058181244

9427 jejorda2 the Martial Artist (level 11, 0/64 (71) HPs)
             Began as a Tengu Monk on Sept 15, 2022.
             Was a High Priest of Okawaru.
             Killed from afar by a necromancer (36 damage)
             ... with a bolt of negative energy
             ... on level 10 of the Dungeon.
             The game lasted 00:32:49 (12291 turns).

jejorda2 the Martial Artist (Tengu Monk)           Turns: 12291, Time: 00:32:51

HP:   0/64 (71)     AC: 14    Str: 16    XL:     11   Next: 46%
MP:   18/18         EV: 11    Int: 11    God:    Okawaru [*****.]
Gold: 938           SH:  0    Dex: 16    Spells: 10/10 levels left

rFire   . . .      SeeInvis .      - Unarmed
rCold   . . .      Faith    .    (no shield)
rNeg    . . .      Spirit   .    r - +0 shadow dragon scales of Quiet Fog {rPois Slay+2 Stlth++++}
rPois   +          Reflect  .    (helmet restricted)
rElec   .          Harm     .    (no cloak)
rCorr   .          Rampage  .    (no gloves)
Will    +....                    (boots unavailable)
Stlth   +++.......               p - amulet of regeneration
HPRegen 1.00/turn                k - ring of willpower
MPRegen 0.16/turn                v - ring of poison resistance

@: flying quickly and evasively, drained, quick
A: beak, talons 3, nimble flight
a: Renounce Religion, Heroism, Finesse, Duel


You were on level 10 of the Dungeon.
You worshipped Okawaru.
Okawaru was extremely pleased with you.
You visited 2 branches of the dungeon, and saw 11 of its levels.
You also visited: Ossuary.

You collected 1028 gold pieces.
You spent 90 gold pieces at shops.

Inventory:

Missiles
 e - 90 stones (quivered)
 i - 2 boomerangs
 u - 5 curare-tipped darts
 I - 4 javelins
 K - 14 poisoned darts
 L - a throwing net
Armour
 r - the +0 shadow dragon scales of Quiet Fog (worn) {rPois Slay+2 Stlth++++}
   (Okawaru gifted it to you on level 10 of the Dungeon)

   Slay:      It affects your accuracy & damage with ranged weapons and melee
   (+2).
   rPois:     It protects you from poison.
   Stlth:     It makes you much more stealthy.
 x - a +3 ring mail of cold resistance
 y - a +0 plate armour of poison resistance
Jewellery
 k - a ring of willpower (left hand)
 p - an amulet of regeneration (around neck)
 t - a ring of ice
 v - a ring of poison resistance (right hand)
Wands
 f - a wand of iceblast (8)
 q - a wand of paralysis (29)
 C - a wand of flame (19)
 H - a wand of polymorph (5)
Scrolls
 a - 3 scrolls of immolation
 l - a scroll of enchant armour
 A - 4 scrolls of enchant weapon
 B - 2 scrolls of poison
 D - 3 scrolls of amnesia
 E - 2 scrolls of teleportation
 F - a scroll of blinking
 G - 3 scrolls of identify
 J - a scroll of magic mapping
Potions
 b - a potion of ambrosia
 c - 2 potions of cancellation
 d - 2 potions of haste
 g - 4 potions of magic
 h - 6 potions of might
 j - a potion of attraction
 m - 6 potions of curing
 n - 4 potions of mutation
 o - 5 potions of lignification
 s - a potion of berserk rage
 w - 7 potions of heal wounds
 z - 3 potions of degeneration


   Skills:
 + Level 9.2 Fighting
 + Level 4.9 Throwing
 + Level 6.4 Armour
 - Level 7.0 Dodging
 - Level 2.0 Stealth
 * Level 9.7 Unarmed Combat
 + Level 8.0 Invocations


You had 10 spell levels left.
You didn't know any spells.
Your spell library contained the following spells:

 Spells                   Type           Power      Damage    Failure   Level
 Apportation              Tloc           0%         N/A       99%         1
 Alistair's Intoxication  Tmut/Pois      0%         N/A       100%        5


Dungeon Overview and Level Annotations

Branches:
Dungeon (10/15)            Temple (1/1) D:4         Ossuary (visited)
   Lair: D:8-11         Orc: D:9-12

Altars:
Ashenzari
Cheibriados
Dithmenos
Elyvilon
Fedhas
Gozag
Hepliaklqana
Kikubaaqudgha
Makhleb
Nemelex Xobeh
Okawaru
Qazlal
Ru
Sif Muna
Trog
Uskayaw
Vehumet
Wu Jian
Xom
Yredelemnul
Zin
The Shining One

Shops:
D:7 *   D:8 ?


Innate Abilities, Weirdness & Mutations

You have a beak for a mouth.
You have claws for feet.
Your magical nature lets you fly swiftly and evasively.


Message History

The necromancer casts a spell at you.
Your body is wracked with pain!
* * * LOW HITPOINT WARNING * * *
You hear a shout!
A necromancer comes into view. It is wielding a +0 dagger.
You hear a bark! x2
The necromancer casts a spell.
The necromancer binds the souls of nearby monsters.
A necromancer comes into view.
It is wielding a +0 dagger and wearing a +1 robe of resistance.
The necromancer gestures wildly while chanting.
The necromancer binds the souls of nearby monsters.
The necromancer hits you but does no damage.
The necromancer gestures at you while chanting.
You resist with some effort.
The hell knight mumbles some strange prayers to its god.
The hell knight seems to speed up.
The hell knight prays to its god.
The hell knight seems to speed up.
Okay, then.
Unknown command.
You start resting.
Magic restored.
You feel like a meek peon again.
You start resting.
HP restored.
The hell knight shouts!
You hear a shout!
You hear a bark!
The hell knight is no longer moving quickly.
The hell knight utters an invocation to its god.
The hell knight seems to speed up.
The necromancer gestures at you while chanting.
The bolt of negative energy hits you!!
You feel drained.
The necromancer shouts!
You hear a bark!
The air fills with toxic fumes!
As you read the scroll of poison, it crumbles to dust.
The hell knight invokes the aid of its god against you.
The bolt of fire hits you!
The necromancer points at you and mumbles some strange words.
The bolt of negative energy hits you!!!
You feel drained.
Ouch! That really hurt!
You die...

.....####≈≈≈≈≈####.#.#
.....#...........#.#.# ####
.....#)#########.#...# #..###
.....#.# .hp#.#.#.# #.....
.....#.# #p#.#.#.#######.....
.....#.# #p§.#.............>.
.....#<# #p§§#.#.#########...
.....#.# #p§§#.#.# #... .....#.#
#p#@#...# #... ###..#.#
..p#§#.### #...
..#..#.#########§#.## #...
..'..#.........§§#..# #...
..#..#############..# #...
..#...÷÷............# #...
.##...#.....#.......# #...
.#....#######.......##########...
##...............................


You could see 3 hell knights, 2 necromancers and a hell hound.

Vanquished Creatures
  A hell knight (D:10)
  2 cyclopes
  Joseph (D:9)
  An unseen horror (D:10)
  Prince Ribbit (D:7)
  A vampire (D:9)
  A wraith (Ossuary)
  A basilisk (D:10)
  A steam dragon (D:8)
  6 yaks
  An acid dragon (D:8)
  Duvessa (D:7)
  A water moccasin (D:8)
  5 hell hounds (D:10)
  5 orc warriors
  3 sky beasts (D:7)
  4 black bears
  3 ogres
  5 centaurs
  3 ice beasts
  2 kobold brigands
  Blork the orc (D:6)
  A necrophage (D:7)
  4 bullfrogs
  2 gnoll sergeants
  3 scorpions
  4 wights
  Dowan (D:7)
  17 killer bees
  The ghost of Newt the Trooper, a weakling DsGl (D:3)
  3 howler monkeys
  5 hounds
  6 orc priests
  A gnoll bouda (D:6)
  5 iguanas
  6 orc wizards
  A mummy (Ossuary)
  Robin (D:4)
  12 gnolls
  12 adders
  3 white imps
  2 ufetubi
  A worm (D:3)
  3 dart slugs
  24 orcs
  4 bats
  A bat zombie (D:10)
  9 endoplasms
  5 giant cockroaches
  14 goblins
  8 hobgoblins
  3 jackals (D:1)
  16 kobolds
  7 quokkas
  3 ball pythons
  3 frilled lizards
  6 gnoll skeletons (Ossuary)
  2 kobold skeletons (Ossuary)
  17 orc skeletons (Ossuary)
  8 rats
  2 rat zombies (D:10)
276 creatures vanquished.

Vanquished Creatures (others)
  A gnoll (D:9)
1 creature vanquished.

Grand Total: 277 creatures vanquished

Notes
Turn   | Place    | Note
-------+----------+-------------------------------------------
     0 | D:1      | jejorda2 the Tengu Monk began the quest for the Orb.
     0 | D:1      | Reached XP level 1. HP: 14/14 MP: 2/2
    49 | D:1      | Reached XP level 2. HP: 8/19 MP: 3/3
   801 | D:1      | Reached skill level 1 in Armour
  1016 | D:1      | Reached XP level 3. HP: 21/23 MP: 4/4
  1058 | D:1      | Noticed a golden eye
  1059 | D:1      | Found a faded altar of an unknown god.
  1062 | D:1      | Noticed an eye of devastation
  1062 | D:1      | Noticed an eye of devastation
  1062 | D:1      | Noticed a great orb of eyes
  1823 | D:2      | Reached XP level 4. HP: 23/28 MP: 5/5
  2047 | D:2      | Found a basalt altar of Yredelemnul.
  2791 | D:3      | Found a runed translucent gate.
  2791 | D:3      | Found a runed translucent gate.
  2791 | D:3      | Found an opulent altar of Gozag.
  2791 | D:3      | Found a runed translucent gate.
  2792 | D:3      | Noticed Newt's ghost (weakling DsGl)
  2792 | D:3      | Noticed an ice beast
  2793 | D:3      | Noticed a centaur
  2812 | D:3      | Killed an ice beast
  2813 | D:3      | Reached skill level 5 in Unarmed Combat
  2813 | D:3      | Gained mutation: Your magical nature lets you fly swiftly
                  | and evasively. [Tengu growth]
  2813 | D:3      | Reached XP level 5. HP: 33/33 MP: 6/6
  2819 | D:3      | Killed a centaur
  2820 | D:3      | Reached XP level 6. HP: 29/38 MP: 7/7
  2830 | D:3      | Killed Newt's ghost
  3386 | D:4      | Found a staircase to the Ecumenical Temple.
  3393 | Temple   | Entered the Ecumenical Temple
  3510 | D:4      | Noticed Robin
  3520 | D:4      | Found a sand-covered staircase.
  3529 | Ossuary  | Entered an ossuary
  3529 | Ossuary  | Noticed a wraith
  3529 | Ossuary  | Noticed a wraith
  3529 | Ossuary  | Noticed a wraith
  3921 | Ossuary  | Noticed a wraith
  3946 | Ossuary  | Killed a wraith
  3947 | Ossuary  | Reached XP level 7. HP: 12/44 MP: 8/8
  4236 | D:4      | Killed Robin
  4385 | D:4      | Found a radiant altar of Vehumet.
  4385 | D:4      | Found a glowing golden altar of the Shining One.
  4414 | D:4      | Reached skill level 5 in Fighting
  4555 | D:4      | Found an iron altar of Okawaru.
  4567 | D:4      | Became a worshipper of Warmaster Okawaru
  4567 | D:4      | Reached * piety under Okawaru
  4567 | D:4      | Reached ** piety under Okawaru
  4685 | D:4      | Found a sacrificial altar of Ru.
  4935 | D:5      | Entered Level 5 of the Dungeon
  5070 | D:5      | Reached skill level 1 in Invocations
  5070 | D:5      | Reached XP level 8. HP: 29/50 MP: 6/9
  6517 | D:6      | Noticed Blork the orc
  6532 | D:6      | Killed Blork the orc
  6882 | D:6      | Reached *** piety under Okawaru
  6927 | D:6      | Found a shimmering blue altar of Sif Muna.
  6934 | D:6      | Reached XP level 9. HP: 50/55 MP: 13/13
  6987 | D:6      | Found a snail-covered altar of Cheibriados.
  7372 | D:7      | Noticed Prince Ribbit
  7382 | D:7      | Killed Prince Ribbit
  7383 | D:7      | Reached skill level 5 in Dodging
  7383 | D:7      | Reached skill level 5 in Invocations
  7406 | D:7      | Noticed Dowan
  7410 | D:7      | Noticed Duvessa
  7412 | D:7      | Killed Dowan
  7420 | D:7      | Killed Duvessa
  7655 | D:7      | Found a stormy altar of Qazlal.
  7685 | D:7      | Noticed a cyclops
  7700 | D:7      | Killed a cyclops
  7700 | D:7      | Reached **** piety under Okawaru
  7730 | D:7      | Found a hide-covered altar of Uskayaw.
  7891 | D:7      | Reached XP level 10. HP: 53/60 MP: 16/16
  7906 | D:7      | Reached skill level 1 in Throwing
  8153 | D:7      | Found Beilleol's Elemental Accessories.
  8740 | D:8      | Found an ornate altar of the Wu Jian Council.
  9066 | D:8      | Found Beuto's Magic Scroll Shop.
  9073 | D:8      | Bought a scroll of blinking for 90 gold pieces
  9142 | D:8      | Reached ***** piety under Okawaru
 10200 | D:9      | Reached skill level 5 in Armour
 10362 | D:9      | Noticed Joseph
 10392 | D:9      | Killed Joseph
 11073 | D:10     | Entered Level 10 of the Dungeon
 11073 | D:10     | Noticed a cyclops
 11085 | D:10     | Killed a cyclops
 11086 | D:10     | Reached XP level 11. HP: 9/69 MP: 17/17
 11523 | D:10     | Noticed a hell knight
 11570 | D:10     | Noticed a hell knight
 11573 | D:10     | Noticed a hell knight
 11601 | D:10     | HP: 1/71 [hell knight/bolt of fire (32)]
 11606 | D:10     | Killed a hell knight
 11606 | D:10     | Identified the +0 shadow dragon scales of Quiet Fog {rPois
                  | Slay+2 Stlth++++} (Okawaru gifted it to you on level 10 of
                  | the Dungeon)
 11606 | D:10     | Received a gift from Okawaru
 12142 | D:10     | Found an ancient bone altar of Kikubaaqudgha.
 12231 | D:10     | Noticed a necromancer
 12231 | D:10     | Noticed a hell knight
 12234 | D:10     | Noticed a necromancer
 12235 | D:10     | Noticed a necromancer
 12236 | D:10     | Noticed a necromancer
 12291 | D:10     | Killed from afar by a necromancer

Illustrated notes

Levels and vault maps discovered:
D:1:      minmay_arrival_four_loops, layout_basic,
          hellmonk_ecumenical_altar_watching_god, minmay_misc_feat_more_columns,
          minmay_tromino_i4
D:2:      layout_loops_ring, basic_altar, st_stairs_13
D:3:      layout_basic, ebering_ghost_gozag, minmay_misc_feat_five,
          nicolae_titane
D:4:      layout_basic, nicolae_ru_great_annihilating_truth,
          okawaru_altar_gauntlet_db, chequers_temple_overflow_statue_of_worship,
          minmay_temple_entry_hall, enter_ossuary_2, uniq_robin
D:5:      minmay_general_purpose_star, layout_basic, kennysheep_nub
D:6:      layout_cave_pools, cheibriados_altar_1, kennysheep_orc_sif_temple,
          dk_noncrumbling_4, nicolae_hexahallways, uniq_blork_the_orc
D:7:      minmay_polygon_palace, layout_loops_corners,
          mainiacjoe_overflow_large_starburst, serial_rivers,
          chequers_serial_rivers_large_a, chequers_serial_rivers_small_a,
          chequers_serial_rivers_micro_b, chequers_serial_rivers_marsh,
          chequers_serial_rivers_room_a, nicolae_elemental_shop, uniq_duvessa,
          uniq_prince_ribbit1
D:8:      layout_layer_cave, nzn_wu_jian_contemplation, serial_shops,
          nicolae_stop_n_shop_2, dreamdust_wishing_well,
          chequers_decorated_corner
D:9:      layout_long_grid, serial_co_window_serial, co_window_paths_b,
          co_window_corner_a, co_window_corner_a, co_window_corner_a,
          co_window_paths_a, co_window_2corner, co_window_2corner,
          co_window_of_opportunity_b, co_window_broadway_c, co_window_4corner_b,
          glass_columns_c, glass_columns_a, uniq_joseph
D:10:     layout_irregular_city, lemuel_zombie_altar_kikubaaqudgha,
          dpeg_lair_monsters, minmay_rotating_lava
Temple:   nicolae_temple_x_marks_the_god

Skill      XL: |  1  2  3  4  5  6  7  8  9 10 11 |
---------------+----------------------------------+-----
Armour         | 1 2 3 5 6 |  6.4
Unarmed Combat | 4 5 7 8 9 |  9.7
Fighting       | 4 5 6 8 9 |  9.2
Invocations    | 1 4 7 8 |  8.0
Dodging        | 4 7 |  7.0
Throwing       | 4 |  4.9
Stealth        | |  2.0

Action                   |  1- 3 |  4- 6 |  7- 9 | 10-12 || total
-------------------------+-------+-------+-------+-------++-------
Melee: Unarmed           |    89 |   150 |   330 |   432 ||  1001
       Kick              |    17 |    48 |    96 |   152 ||   313
       Peck              |    11 |    27 |    76 |    89 ||   203
       Punch             |     2 |     4 |    10 |    34 ||    50
Throw: Stone             |       |     8 |    16 |     6 ||    30
       Dart              |       |       |       |     2 ||     2
       Throwing net      |       |       |       |     1 ||     1
Invok: Heroism           |       |       |     7 |     8 ||    15
       Finesse           |       |       |       |     2 ||     2
  Use: Potion            |       |     2 |       |     3 ||     5
       Scroll            |       |     1 |    17 |     1 ||    19
 Stab: Sleeping          |     3 |     1 |     2 |     1 ||     7
       Paralysed         |       |       |     2 |       ||     2
Armor: Robe              |    13 |       |       |       ||    13
       Ring mail         |    12 |    49 |    79 |    71 ||   211
       Shadow dragon sca |       |       |       |    62 ||    62
Dodge: Dodged            |    66 |    76 |   249 |   347 ||   738

Table legend: (Time is in decaauts)
 A = Elapsed time spent in this place.
 B = Non-inter-level travel time spent in this place.
 C = Inter-level travel time spent in this place.
 D = Time resting spent in this place.
 E = Time spent auto-exploring this place.
 F = Levels seen in this place.
 G = Mean time per level.
                   A        B        C        D        E       F      G
               +--------+--------+--------+--------+--------+-----+--------+
         Total |  11527 |  11130 |    397 |   1226 |   7736 |  12 |  960.6 |
       Dungeon |  10764 |  10374 |    390 |    982 |   7399 |  10 | 1076.4 |
        Temple |     80 |     73 |      7 |      0 |     45 |   1 |   80.0 |
       Ossuary |    682 |    682 |      0 |    244 |    290 |   1 |  682.0 |
               +--------+--------+--------+--------+--------+-----+--------+

Top non-repeatable levels by time:
     D:1: 1502 daAuts
     D:5: 1302 daAuts
     D:8: 1262 daAuts
     D:7: 1157 daAuts
     D:9: 1021 daAuts
    D:10: 1016 daAuts
     D:2: 997 daAuts
     D:6: 873 daAuts
     D:3: 827 daAuts
     D:4: 803 daAuts
 Ossuary: 682 daAuts
  Temple: 80 daAuts
